 Dungeon Crawl Stone Soup version 0.27.1-3-gb3d3a73c9e (webtiles) character file.

Game seed: 3642708163617634647

27 H0rd4k the Charlatan (level 3, -2/26 HPs)
             Began as a Human Artificer on Oct 20, 2021.
             Slain by a jackal (3 damage)
             ... on level 2 of the Dungeon.
             The game lasted 00:01:42 (1912 turns).

H0rd4k the Charlatan (Human Artificer)              Turns: 1912, Time: 00:01:43

Health: -2/26      AC:  3    Str: 13    XL:     3   Next: 25%
Magic:  3/3        EV: 11    Int: 11    God:
Gold:   38         SH:  0    Dex: 13    Spells: 2/2 levels left

rFire    . . .     SeeInvis .   j - +0 dagger
rCold    . . .     Faith    .   (no shield)
rNeg     . . .     Spirit   .   b - +0 leather armour
rPois    .         Reflect  .   (no helmet)
rElec    .         Harm     .   (no cloak)
rCorr    .         Rampage  .   (no gloves)
Will     .....                  (no boots)
Stlth    +.........             (no amulet)
HPRegen  0.08/turn              (no ring)
MPRegen  0.08/turn              (no ring)

@: no status effects
A: no striking features
a: no special abilities


You were on level 2 of the Dungeon.
You visited 1 branch of the dungeon, and saw 2 of its levels.

You collected 38 gold pieces.

Inventory:

Hand Weapons
 j - a +0 dagger (weapon)
Missiles
 i - 13 poisoned darts
Armour
 b - a +0 leather armour (worn)
Wands
 c - a wand of flame (12) (quivered)
 d - a wand of charming (15)
Scrolls
 h - a scroll of identify {unknown}
 l - a scroll of amnesia {unknown}
Potions
 a - a potion of might {unknown}
 f - a potion of flight {unknown}
 g - 2 potions of lignification {unknown}
 k - a potion of curing {unknown}
 m - a potion of invisibility {unknown}
Miscellaneous
 e - a piece from Xom's chessboard (15/15)


   Skills:
 + Level 1.2 Fighting
 + Level 0.1 Short Blades
 - Level 2.0 Armour
 + Level 1.4 Dodging
 - Level 1.0 Stealth
 + Level 3.8 Evocations


You had 2 spell levels left.
You didn't know any spells.
Your spell library was empty.

Dungeon Overview and Level Annotations

Branches:
Dungeon (2/15)

Altars:


Message History

The jackal bites you.
* * * LOW HITPOINT WARNING * * *
You hit the jackal but do no damage.
The jackal is severely wounded.
The jackal barely misses you.
The jackal bites you but does no damage.
You closely miss the jackal.
The jackal is severely wounded.
The jackal bites you.
* * * LOW HITPOINT WARNING * * *
You barely miss the jackal.
The jackal is severely wounded.
The jackal bites you.
* * * LOW HITPOINT WARNING * * *
You closely miss the jackal.
The jackal is severely wounded.
The jackal bites you but does no damage.
The jackal bites you.
* * * LOW HITPOINT WARNING * * *
You hit the jackal.
The jackal is almost dead.
The jackal barely misses you.
You barely miss the jackal.
The jackal is almost dead.
The jackal misses you. The jackal bites you.
* * * LOW HITPOINT WARNING * * *
Aiming: Throw Flame
Press: ? - help, Shift-Dir - straight line, f - jackal
Aim: a jackal (almost dead, 64% to hit)
The puff of flame hits the jackal.
You kill the jackal!
The jackal misses you.
Unknown command.
Aiming: Throw Flame
Press: ? - help, Shift-Dir - straight line, f - jackal
Aim: a jackal (64% to hit)
The puff of flame hits the jackal.
The jackal is almost dead.
The jackal bites you.
You die...

.... ... ...
..# #.## #g.
#h# #@# ######
###.######....#
#.............#
#.....##......#
#....)##.....(#
#.....##......#
#.....##..<...#
#.....##......#
#.....#########


You could see a jackal and a hobgoblin.

Vanquished Creatures
  A dart slug (D:1)
  2 endoplasms (D:1)
  2 giant cockroaches (D:1)
  A goblin (D:2)
  2 hobgoblins (D:1)
  4 jackals
  3 kobolds
  3 bats
  3 frilled lizards
  2 rats (D:1)
23 creatures vanquished.

Notes
Turn   | Place    | Note
-------+----------+-------------------------------------------
     0 | D:1      | H0rd4k the Human Artificer began the quest for the Orb.
     0 | D:1      | Reached XP level 1. HP: 15/15 MP: 1/1
   473 | D:1      | Reached XP level 2. HP: 21/21 MP: 2/2
  1622 | D:2      | Reached XP level 3. HP: 7/26 MP: 3/3
  1910 | D:2      | HP: 1/26 [jackal (2)]
  1912 | D:2      | Slain by a jackal

Illustrated notes

Levels and vault maps discovered:
D:1:      lightli_arrival_boilingwater, layout_basic, minmay_misc_feat_plants,
          minmay_split_cup_large
D:2:      layout_basic, chequers_serial_rivers_large_b

Action                   || total
-------------------------++-------
Melee: Club              ||    52
       Dagger            ||   116
Evoke: Wand              ||     3
 Stab: Sleeping          ||     1
Armor: Leather armour    ||    56
Dodge: Dodged            ||   109
